[Event "Early-Titled-Tuesday-Blitz-September-12-2023"]
[Site "Chess.com"]
[Date "2023.09.12"]
[Round "5"]
[White "Ishowmoves57"]
[Black "The_Princess_Moon"]
[Result "1/2-1/2"]
[WhiteElo "2110"]
[BlackElo "2262"]
[TimeControl "180+1"]
[EndTime "8:57:04 PDT"]
[Termination "Game drawn by repetition"]

1. e4 c5 2. Nf3 a6 3. b3 b5 4. a4 Bb7 5. axb5 axb5 6. Rxa8 Bxa8 7. Bxb5 Bxe4 8. Nc3 Bc6 9. O-O Nf6 10. Bxc6 Nxc6 11.
d4 Nxd4 12. Nxd4 cxd4 13. Qxd4 g6 14. Re1 Bg7 15. Nd5 O-O 16. Nxe7+ Kh8 17. Nd5 Qa5 18. Nb4 Qh5 19. h3 d5 20. Bb2 Ne8 21. Qc5 Kg8 22. Bxg7 Nxg7 23. Qxd5 Qh4 24. Qe4 Qd8 25. Nd5 Ne6 26. Nf4 Re8 27. Qf3 Nd4 28. Rxe8+ Qxe8 29. Qe3 Qd8 30. Qd3 Qb6 31. c3 Nxb3 32. Nd5 Qb7 33. Qc4 Nd2 34. Qd4 Qb1+ 35. Kh2 Nf1+ 36. Kg1 Ne3+ 37.
Kh2 Nf1+ 38. Kg1 Nd2+ 39. Kh2 Ne4 40. Qe3 Nd6 41. Ne7+ Kf8 42. Nd5 Nf5 43. Qf3 Qb3 44.
Ne3 Nxe3 45. Qxe3 h5 46. Qd4 Qb8+ 47. g3 Qb2 48. Qh8+ Ke7 49. Qe5+ Kf8 50. Qe3 Qb3 51. Qd4 Qc2 52. Qe3 h4 53. Kg2 hxg3 54. Qxg3 Qd2 55.
Qe3 Qc2 56. h4 Kg7 57. Qe5+ Kf8 58. Qh8+ Ke7 59. Qe5+ Kd7 60. Qd4+ Ke7 61. Qe3+ Kf8 62.
Kg3 Qf5 63. Qf4 Qd3+ 64. Qe3 Qd6+ 65. Kg2 Qc6+ 66. Qf3 Qc5 67. Qe3 Qc4 68. Qd4 Qe2 69. Qh8+ Ke7 70. Qd4 Kf8 71. Qd8+ Kg7 72. Qd4+ Kh7 73.
Qe3 Qc2 74. Kg3 Kg7 75. Qf3 Kg8 76. Qf6 Qb2 77. Qd8+ Kg7 78. Qd3 Qb8+ 79. Kg2 Qb7+ 80. Qf3 Qc7 81. Qg3 Qc4 82. Kh2 Kh7 83. Kg2 Qd5+ 84.
Kh2 Qc4 85. Kh3 Qe6+ 86. Kg2 Qe4+ 87. Qf3 Qc4 88. Qg3 Kg7 89. Qe3 Qxh4 90. Qg3 Qe4+ 91. Qf3 Qc4 92. Qg3 Kh7 93. Qh3+ Kg7 94. Qg3 Qd5+ 95.
Qf3 Qc4 96. Qg3 1/2-1/2

[Event "Early-Titled-Tuesday-Blitz-September-12-2023"]
[Site "Chess.com"]
[Date "2023.09.12"]
[Round "5"]
[White "IngOscarArdila"]
[Black "arenal72"]
[Result "0-1"]
[WhiteElo "2306"]
[BlackElo "2516"]
[TimeControl "180+1"]
[EndTime "8:57:09 PDT"]
[Termination "arenal72 won on time"]

1. d4 d6 2. Nf3 g6 3. c4 Bg7 4. Nc3 e5 5. e3 Ne7 6. Be2 O-O 7.
O-O f5 8. dxe5 dxe5 9. Qc2 c6 10. Rd1 Qc7 11. e4 f4 12. c5 Be6 13. b3 h6 14.
Bb2 g5 15. h3 Ng6 16. Na4 Qf7 17. Rac1 Bf6 18. Bc4 Bxc4 19. Qxc4 Nd7 20. Rd6 Qxc4 21. Rxc4 Rfd8 22. Rc1 Kf7 23. Rcd1 Ke7 24. Ba3 Ndf8 25.
Nb2 Rxd6 26. cxd6+ Kd7 27. Nc4 b5 28. Na5 Ne6 29.
Nb7 Bd8 30. Nc5+ Nxc5 31. Bxc5 Bb6 32. b4 Re8 33. h4 g4 34. Nh2 h5 35. g3 Nf8 36.
Nf1 Ne6 37. Rc1 Nd4 38. Kg2 Rb8 39. Nd2 a5 40. gxf4 Ne2 41. Rc2 Nxf4+ 42. Kg3 axb4 43. Nb3 Bxc5 44. Nxc5+ Kxd6 45. Na6 Ra8 46. Nxb4 Ra3+ 47. Kh2 c5 48. Rd2+ Ke6 49. Nd5 b4 50. Nc7+ Ke7 51.
Rc2 Rc3 52. Rd2 Rh3+ 53. Kg1 Rxh4 54. Na6 Rh3 55. Nxc5 Rc3 56. Na4 Rc1+ 57. Kh2 h4 58. Nb6 Rc3 59. Nd5+ Nxd5 60. Rxd5 Ke6 61. Rb5 Rc2 62.
Rxb4 Rxf2+ 63. Kg1 Rxa2 64. Rb6+ Kf7 65. Rh6 h3 66.
Rh4 Rg2+ 67. Kh1 Kf6 68. Rh5 Re2 69. Rh6+ Kg5 70. Rh8 Rxe4 71. Rg8+ Kf4 72. Rf8+ Kg3 73. Rf1 Re2 74. Rg1+ Rg2 75. Rf1 Rf2 76. Rg1+ Kf3 77. Re1 g3 78. Rd1 e4 79. Re1 e3 80. Rd1 e2 81. Rd3+ Kf4 82. Rd4+ Ke3 83. Rd3+ Kxd3 0-1

[Event "Early-Titled-Tuesday-Blitz-September-12-2023"]
[Site "Chess.com"]
[Date "2023.09.12"]
[Round "5"]
[White "ShiroglanTalibov"]
[Black "wonderfultime"]
[Result "1/2-1/2"]
[WhiteElo "2852"]
[BlackElo "2994"]
[TimeControl "180+1"]
[EndTime "8:57:22 PDT"]
[Termination "Game drawn by agreement"]

1. e4 c5 2. Nf3 Nf6 3. Nc3 d5 4. exd5 Nxd5 5. Bb5+ Bd7 6. Ne5 Nf6 7. Qf3 Qc8 8.
Bxd7+ Nbxd7 9. Nc4 e6 10. d3 Be7 11. O-O O-O 12. a4 Nb6 13. b3 Nbd5 14. Bb2 Nb4 15. Qe2 Rd8 16. Ne4 Nxe4 17. dxe4 Bf8 18. Rad1 Qc7 19. h3 b6 20. Be5 Qb7 21. Bc3 Nc6 22.
Rxd8 Rxd8 23. Rd1 Qc7 24. Rxd8 Qxd8 25. Qd2 Qxd2 26. Bxd2 Nd4 27. Ne3 g6 28. Kf1 Bh6 29. Bc3 Bxe3 30. fxe3 Nc6 31. Ke2 Kf8 32. Kd3 Ke7 33.
Kc4 Kd6 34. Kb5 f5 35. exf5 exf5 36. Ka6 Kc7 37. h4 h5 38. Be1 Kb8 39. Bg3+ Ka8 40. c3 Ne7 41. a5 bxa5 42. c4 Nc6 43. Kb5 Nb4 44. Kxa5 Kb7 45. Bd6 Nd3 46. Kb5 a6+ 47. Ka4 Kc6 48. Bb8 Ne1 49. g3 Nd3 50. Ka5 Nc1 51. Ka4 Ne2 52. Ka5 Nc1 53. Ka4 Kb6 54.
Bf4 Nd3 55. Ka3 Nf2 56. Ka4 Ne4 57. Ka3 Nf6 58. Ka4 Kb7 59. Be5 Ng4 60. Bf4 Nf2 61. Ka5 Nd3 62. Ka4 Nb4 63. Ka3 Nc6 64. Ka4 Kb6 65. Bd6 Nb4 66. Bf4 Nd3 67. Ka3 a5 68.
Ka4 Nc1 69. Ka3 Kc6 70. Ka4 Nd3 71. Ka3 Kb6 72. Ka4 Ka6 73. Ka3 Nf2 74. Ka4 Ne4 75.
Ka3 Nc3 76. Kb2 Ne2 77. Ka3 Kb6 78. Ka4 Nc3+ 79. Ka3 Ne4 80. Ka4 Nd2 81. Ka3 Ne4 1/2-1/2

[Event "Early-Titled-Tuesday-Blitz-September-12-2023"]
[Site "Chess.com"]
[Date "2023.09.12"]
[Round "5"]
[White "itsdsyr"]
[Black "noblerone"]
[Result "1/2-1/2"]
[WhiteElo "2220"]
[BlackElo "2529"]
[TimeControl "180+1"]
[EndTime "8:57:41 PDT"]
[Termination "Game drawn - insufficient material"]

1. d4 d5 2. c4 c6 3. Nf3 Nf6 4.
Nc3 dxc4 5. a4 Bf5 6. e3 e6 7.
Bxc4 Bb4 8. O-O O-O 9. Qe2 Bg6 10. Nh4 Bh5 11. Nf3 Nbd7 12. e4 e5 13. Rd1 Qa5 14.
d5 Rad8 15. dxc6 bxc6 16. Bg5 h6 17. Bd2 Nc5 18. h3 Rfe8 19. Rac1 Bg6 20. Nh4 Bxe4 21.
Nxe4 Ncxe4 22. Be3 Rxd1+ 23. Rxd1 Qxa4 24. Nf5 Bf8 25. b3 Qa5 26. Qf3 Qc7 27. Ra1 a5 28. Bd3 Ng5 29.
Qg3 Nh5 30. Qg4 Nf6 31. Qg3 Rc8 32. Bxg5 hxg5 33. Qxg5 e4 34. Bc4 Kh7 35. Re1 Qe5 36. Qh4+ Kg8 37. Ne3 Re8 38. Ng4 Nxg4 39. Qxg4 Qe7 40.
Qf5 Kh8 41. Qxa5 g6 42. Qa6 Kg7 43. Re2 Qf6 44. Qb6 Re5 45. Qe3 Qe7 46. g3 Qf6 47.
Kg2 Bc5 48. Qd2 Be7 49. Qe1 Qf3+ 50. Kg1 Bc5 51. Kh2 Rf5 52. Qf1 e3 53. Qg2 exf2 54.
Qxf3 Rxf3 55. Rc2 f1=Q 56. Bxf1 Rxf1 57. Rxc5 Rf3 58. Kg2 Rxb3 59. Rxc6 Rb2+ 60. Kf3 Rb3+ 61. Kg2 g5 62. Rc2 Kg6 63. Rf2 f5 64. Rd2 Kf6 65.
Rc2 Ke5 66. Ra2 Kd4 67. Ra4+ Ke3 68. Ra2 Rd3 69. Rf2 Rd5 70. Rf3+ Ke4 71. Rf2 f4 72. gxf4 gxf4 73. h4 Rd3 74. Re2+ Kf5 75. Re8 Rg3+ 76. Kf2 Kg4 77. Rh8 Rh3 78. h5 Rh2+ 79. Kg1 Ra2 80.
Rg8+ Kf3 81. Kh1 Ra1+ 82. Kh2 Ra2+ 83. Kh3 Ra1 84. Kh2 Ke3 85. h6 Ra6 86. Re8+ Kf2 87. Rh8 Rg6 88. Kh3 f3 89. Kh4 Kf1 90. Kh5 Rg1 91.
h7 f2 92. Rf8 Rh1+ 93. Kg6 Ke2 94. Kg7 f1=Q 95. Rxf1 Kxf1 96. h8=Q Rxh8 97. Kxh8 1/2-1/2

[Event "Early-Titled-Tuesday-Blitz-September-12-2023"]
[Site "Chess.com"]
[Date "2023.09.12"]
[Round "5"]
[White "splendidkid"]
[Black "Bugcrusher"]
[Result "1-0"]
[WhiteElo "2758"]
[BlackElo "2465"]
[TimeControl "180+1"]
[EndTime "8:57:47 PDT"]
[Termination "splendidkid won by resignation"]

1. d4 e6 2. c4 Nf6 3. Nf3 Nc6 4. g3 d5 5. Nbd2 Bb4 6. Qc2 Ne4 7. Bg2 Bxd2+ 8. Bxd2 Nxd2 9. Qxd2 dxc4 10. O-O O-O 11. Rac1 e5 12. d5 e4 13. Ng5 f5 14. Rxc4 Ne5 15. Rc2 c6 16. Rd1 cxd5 17. Rc5 h6 18. Rxd5 Qxg5 19. Rxe5 Qxd2 20. Rxd2 b6 21. f3 exf3 22.
Bxf3 Rb8 23. b4 Bb7 24. Rd7 Bxf3 25. exf3 Rf7 26. Rxf7 Kxf7 27. Rxf5+ Ke6 28. Rf4 Rc8 29. Re4+ Kf6 30. Kf2 Rc2+ 31. Re2 Rc1 32. g4 g5 33. Kg3 Rg1+ 34. Kf2 Rc1 35. a3 a5 36. bxa5 bxa5 37.
Re4 Rc2+ 38. Kg3 Rc5 39. h4 Kg6 40. Rd4 Rb5 41. Rd6+ Kg7 42. Ra6 Rc5 43. hxg5 hxg5 44. a4 Rd5 45. Kf2 Rc5 46. Ke3 Rd5 47. Ke4 Rc5 48. Kd4 Rc1 49. Rxa5 Kg6 50. Ra6+ Kg7 51.
Ke4 Rc4+ 52. Ke3 Rc3+ 53. Kf2 Rc2+ 54. Kg3 Ra2 55. a5 Ra3 56. Ra8 Kg6 57. Kf2 Kg7 58. a6 Kg6 59. a7 Kg7 60. Ke2 Ra2+ 61. Kd3 Ra3+ 62. Ke4 Ra4+ 63. Ke5 Ra5+ 64. Kd6 Ra6+ 65. Kd5 Ra5+ 66. Kd4 Ra4+ 67. Kc3 Ra3+ 68. Kb4 Ra1 69. Kb5 Rb1+ 70. Kc5 Ra1 71. Kb4 Rb1+ 72. Kc4 Ra1 73.
Kd4 Ra4+ 74. Ke3 Ra3+ 75. Kf2 Ra2+ 76. Kg1 Ra1+ 77. Kg2 Ra2+ 78. Kh3 Ra3 79. Kg3 Ra2 80. Rc8 Rxa7 81. Rc6 Ra3 82. Kf2 Ra2+ 83. Ke3 Ra3+ 84. Ke4 Ra4+ 85. Kd3 Ra3+ 86. Ke4 Ra4+ 87. Ke5 Ra5+ 88.
Ke6 Ra3 89. Kf5 Ra5+ 90. Ke6 Ra3 91. Rc5 Rxf3 92. Rxg5+ Kf8 93. Rf5+ Rxf5 94. gxf5 Ke8 95. f6 Kf8 96. f7 1-0

[Event "Early-Titled-Tuesday-Blitz-September-12-2023"]
[Site "Chess.com"]
[Date "2023.09.12"]
[Round "5"]
[White "LevonAronian"]
[Black "mitrabhaa"]
[Result "1/2-1/2"]
[WhiteElo "3038"]
[BlackElo "2871"]
[TimeControl "180+1"]
[EndTime "8:58:40 PDT"]
[Termination "Game drawn by stalemate"]

1. e4 c6 2. Nf3 d5 3. d3 Nd7 4. Qe2 dxe4 5. Qxe4 Ngf6 6. Qe2 Nb6 7. h3 Bf5 8. Nh4 Be6 9. Nd2 g6 10. g3 Bg7 11. Bg2 O-O 12. O-O Qd7 13. Kh2 Rad8 14. Nb3 Qc8 15. Nf3 Rfe8 16. Re1 Bd5 17. c4 Bxf3 18.
Bxf3 e5 19. a4 a6 20. Bg2 Qc7 21. a5 Nc8 22. Be3 Nh5 23. Bc5 Bf8 24. Bxf8 Kxf8 25. Nc5 Nd6 26. Qd2 Kg7 27. Qc3 Nf6 28. Ra3 Nf5 29.
Rb3 Rb8 30. Rb6 Nd4 31. b4 Nd7 32. Nxd7 Qxd7 33. b5 axb5 34. cxb5 Nxb5 35. Qb2 Qd4 36. Qxd4 Nxd4 37. Reb1 Ra8 38. Ra1 Ra7 39. Ra4 Rea8 40. f4 Rxa5 41. Rab4 Rd8 42. Rxb7 exf4 43. gxf4 Rf5 44.
Rc7 Rxf4 45. Bxc6 Rf2+ 46. Bg2 Rf6 47. Rcc4 Nf5 48. d4 Ne3 49. Rc3 Nf5 50. d5 Nd6 51. Rf3 Rxf3 52. Bxf3 Kf6 53. Kg3 Ke5 54. Rb1 h5 55.
Re1+ Kf6 56. Kf4 Rc8 57. Rd1 Rc4+ 58. Ke3 Ke5 59. Rb1 Rc3+ 60. Kf2 Rc2+ 61. Kg1 Kf4 62. Bg2 Rc3 63. Rf1+ Kg3 64. Kh1 Nf5 65. Rg1 Kh4 66. Rd1 Nd6 67. Rf1 Kg5 68. Re1 Kf6 69. Kh2 Rc2 70. Kg1 Rc7 71. Rf1+ Ke7 72. Re1+ Kd8 73.
Ra1 Kd7 74. Rf1 Rc2 75. Re1 f5 76. Re6 g5 77. Rh6 g4 78. Rxh5 g3 79. Rh4 Nc4 80.
Rf4 Rc1+ 81. Bf1 Ne3 82. Rf3 Re1 83. Rxg3 Rxf1+ 84. Kh2 f4 85. Rg5 Kd6 86. h4 Rf2+ 87. Kh3 Rf1 88. Kh2 Nxd5 89. h5 Rf2+ 90. Kh3 Rf1 91.
Kg2 Re1 92. h6 Re6 93. Rh5 Re8 94. h7 Rh8 95. Kf3 Ke6 96. Rh1 Ke5 97. Rh5+ Ke6 98. Rh1 Kf6 99. Rh5 Ne7 100. Kxf4 Ng6+ 101. Kg4 Nf8 102. Rh1 Nxh7 103. Kf4 Kg7 104. Kg3 Rb8 105. Rf1 Kg6 106. Rf3 Ng5 107. Ra3 Kh5 108. Ra5 Rb3+ 109. Kf4 Rb4+ 110. Kf5 Kh4 111. Re5 Rb1 112. Kg6 Rb6+ 113. Kf5 Rb8 114. Ra5 Rf8+ 115. Kg6 Nh3 116. Kg7 Rf1 117. Kg6 Kg4 118. Ra4+ Nf4+ 119. Kf6 Re1 120. Ra6 Re4 121. Rd6 Nh5+ 122. Kg6 Re8 123. Kf7 Ra8 124. Rd5 Ra7+ 125. Kf8 Nf6 126. Rg5+ Kf4 127. Rf5+ Kxf5 1/2-1/2

[Event "Early-Titled-Tuesday-Blitz-September-12-2023"]
[Site "Chess.com"]
[Date "2023.09.12"]
[Round "6"]
[White "Jojo_898"]
[Black "HanSchut"]
[Result "0-1"]
[WhiteElo "2348"]
[BlackElo "2264"]
[TimeControl "180+1"]
[EndTime "8:59:31 PDT"]
[Termination "HanSchut won by resignation"]

1. e4 c5 2. Nf3 d6 3. c3 Nf6 4. Bd3 e6 5. O-O Nc6 6. Bc2 Be7 7. d4 cxd4 8. cxd4 d5 9. e5 Ne4 10. Nc3 Nxc3 11. b3 Nxd1 0-1

[Event "Early-Titled-Tuesday-Blitz-September-12-2023"]
[Site "Chess.com"]
[Date "2023.09.12"]
[Round "6"]
[White "JiiHart"]
[Black "Chessbard1972"]
[Result "1-0"]
[WhiteElo "2158"]
[BlackElo "2470"]
[TimeControl "180+1"]
[EndTime "9:01:13 PDT"]
[Termination "JiiHart won by resignation"]

1. e4 e5 2. Nf3 Nc6 3. Bc4 Bc5 4. c3 Nf6 5. d4 exd4 6. b4 Bb6 7. e5 d5 8. exf6 dxc4 9. Qe2+ Be6 10. b5 d3 11.
Qe4 Na5 12. fxg7 Rg8 13. Bg5 Qd5 14. Qxh7 Kd7 15. O-O Qf5 16. Qh6 Qg6 17. Ne5+ Kc8 18. Nxg6 fxg6 19. Qxg6 Bd7 20. Qf7 1-0

[Event "Early-Titled-Tuesday-Blitz-September-12-2023"]
[Site "Chess.com"]
[Date "2023.09.12"]
[Round "6"]
[White "glebus008"]
[Black "BeautiFullMindChess"]
[Result "0-1"]
[WhiteElo "2292"]
[BlackElo "2189"]
[TimeControl "180+1"]
[EndTime "9:01:18 PDT"]
[Termination "BeautiFullMindChess won by resignation"]

1. Nf3 d5 2. c4 Nf6 3. cxd5 Nxd5 4. e4 Nb4 5. d4 c5 6. a3 N4c6 7. d5 Nd4 8. Nxd4 cxd4 9. Qxd4 e5 10. Qxe5+ Be7 11. Bb5+ Nd7 12. Nc3 O-O 13. O-O Nxe5 0-1

[Event "Early-Titled-Tuesday-Blitz-September-12-2023"]
[Site "Chess.com"]
[Date "2023.09.12"]
[Round "6"]
[White "CristianS27"]
[Black "KatakuriDono"]
[Result "1-0"]
[WhiteElo "2514"]
[BlackElo "2329"]
[TimeControl "180+1"]
[EndTime "9:01:33 PDT"]
[Termination "CristianS27 won by resignation"]

1. e4 e5 2. Nf3 Nc6 3. Bc4 Nf6 4. d4 exd4 5. Ng5 Ne5 6. Bb3 Bb4+ 7. c3 dxc3 8. bxc3 Be7 9. f4 O-O 10. fxe5 Ne8 11.
Nxf7 Rxf7 12. Rf1 Nf6 13. Bxf7+ Kxf7 14. exf6 Bxf6 15. Bg5 d6 16. Bxf6 gxf6 17. Qh5+ Kg7 18. Nd2 1-0

[Event "Early-Titled-Tuesday-Blitz-September-12-2023"]
[Site "Chess.com"]
[Date "2023.09.12"]
[Round "6"]
[White "HajiyevKanan"]
[Black "LileKoridze"]
[Result "1-0"]
[WhiteElo "2522"]
[BlackElo "2374"]
[TimeControl "180+1"]
[EndTime "9:01:55 PDT"]
[Termination "HajiyevKanan won by checkmate"]

1. d4 Nf6 2. Nf3 d5 3. c4 e6 4. cxd5 exd5 5. Nc3 c6 6. Qc2 Be7 7. Bg5 O-O 8. e3 h6 9. Bf4 Re8 10. Bd3 Na6 11. a3 Nc7 12. O-O Bd6 13. Ne5 Ne6 14. Bg3 Ng5 15. f4 Nge4 16. Nxe4 Nxe4 17. Rae1 Nxg3 18. Bh7+ Kf8 19. hxg3 g6 20. Bxg6 fxg6 21. Qxg6 Re6 22. Qf7# 1-0

[Event "Early-Titled-Tuesday-Blitz-September-12-2023"]
[Site "Chess.com"]
[Date "2023.09.12"]
[Round "6"]
[White "Superfelix"]
[Black "wannabe2700"]
[Result "0-1"]
[WhiteElo "2446"]
[BlackElo "2626"]
[TimeControl "180+1"]
[EndTime "9:02:00 PDT"]
[Termination "wannabe2700 won by resignation"]

1. e4 d6 2. d4 Nf6 3. Nc3 g6 4. f4 Bg7 5. Bd3 O-O 6. Nf3 Nc6 7.
Be2 e5 8. d5 Nd4 9. Nxd4 exd4 10. Qxd4 c6 11. dxc6 bxc6 12. O-O Re8 13. Qd3 Qb6+ 14.
Kh1 Nxe4 15. Nxe4 Bf5 16. Bf3 d5 17. Be3 Qxb2 18. Rab1 dxe4 19. Rxb2 exd3 0-1

[Event "Early-Titled-Tuesday-Blitz-September-12-2023"]
[Site "Chess.com"]
[Date "2023.09.12"]
[Round "6"]
[White "Iskusnyh"]
[Black "campochess"]
[Result "1-0"]
[WhiteElo "2627"]
[BlackElo "2124"]
[TimeControl "180+1"]
[EndTime "9:02:06 PDT"]
[Termination "Iskusnyh won by resignation"]

1. d4 c5 2. d5 Nf6 3. Nc3 g6 4. e4 d6 5. Bb5+ Nbd7 6. a4 a6 7. Be2 Bg7 8. Nf3 Nf8 9. O-O h6 10. e5 Ng4 11. exd6 exd6 12. h3 Nf6 13. Re1 Kd7 14. Nd2 Kc7 15. Nc4 N8h7 16. Bf4 Ne8 17. Bf1 Kb8 18. Rxe8 Rxe8 19. Bxd6+ Ka7 20. Nb5+ 1-0

[Event "Early-Titled-Tuesday-Blitz-September-12-2023"]
[Site "Chess.com"]
[Date "2023.09.12"]
[Round "6"]
[White "Ready4abattle"]
[Black "CixPer1968"]
[Result "0-1"]
[WhiteElo "2315"]
[BlackElo "2198"]
[TimeControl "180+1"]
[EndTime "9:02:06 PDT"]
[Termination "CixPer1968 won by resignation"]

1. e4 c5 2. Nf3 d6 3. d4 cxd4 4.
Nxd4 Nf6 5. Nc3 g6 6. Be3 Bg7 7. f3 O-O 8. Qd2 Nc6 9. O-O-O d5 10. Qe1 e5 11. Nxc6 bxc6 12. exd5 Nxd5 13. Bc4 Be6 14.
Kb1 Qc7 15. Ne4 Nxe3 16. Bxe6 Nxd1 17. Bb3 Nxb2 18. Kxb2 Kh8 19. Qe2 f5 20. Nc5 e4+ 21. Kb1 Qe5 0-1

[Event "Early-Titled-Tuesday-Blitz-September-12-2023"]
[Site "Chess.com"]
[Date "2023.09.12"]
[Round "6"]
[White "AliKa2810"]
[Black "Anton_Demchenko"]
[Result "0-1"]
[WhiteElo "2574"]
[BlackElo "2938"]
[TimeControl "180+1"]
[EndTime "9:02:08 PDT"]
[Termination "Anton_Demchenko won by resignation"]

1. d4 Nf6 2. c4 d6 3. Nf3 Nc6 4. Nc3 e5 5. d5 Ne7 6. e4 Ng6 7. h3 Be7 8. Be3 O-O 9. g3 h6 10. Bg2 Nh7 11. h4 f5 12. h5 Nh8 13. exf5 Bxf5 14.
Nh4 Bxh4 15. Rxh4 Nf7 16. Qe2 a6 17. O-O-O b5 18. c5 Nf6 19. Bh3 Bxh3 20. Rxh3 b4 21. Na4 Qd7 22. g4 Qxa4 23. Kb1 b3 24. a3 Qxg4 0-1

[Event "Early-Titled-Tuesday-Blitz-September-12-2023"]
[Site "Chess.com"]
[Date "2023.09.12"]
[Round "6"]
[White "Rurep26"]
[Black "GamayevOleg"]
[Result "1-0"]
[WhiteElo "2786"]
[BlackElo "2465"]
[TimeControl "180+1"]
[EndTime "9:02:16 PDT"]
[Termination "Rurep26 won by resignation"]

1. d4 e6 2. Bf4 f5 3. e3 Nf6 4. Nd2 Be7 5. h3 d6 6. Ngf3 O-O 7. Bc4 h6 8. O-O Kh7 9. Qe2 Nc6 10. Bh2 Bd7 11. e4 fxe4 12. Nxe4 Nd5 13. Bd3 Kh8 14. c3 Nf4 15. Bxf4 Rxf4 16. Ng3 Qf8 17. Nh5 Rxf3 18. gxf3 e5 19. Qe4 Qg8 20. d5 Nd8 21. Kh2 Nf7 22. f4 exf4 23. Nxf4 Ne5 24. Qxe5 dxe5 25. Ng6+ Kh7 26. Nxe7+ Kh8 27. Nxg8 Kxg8 28. Rae1 1-0

[Event "Early-Titled-Tuesday-Blitz-September-12-2023"]
[Site "Chess.com"]
[Date "2023.09.12"]
[Round "6"]
[White "MikeSailer"]
[Black "DvaHrasta"]
[Result "0-1"]
[WhiteElo "2179"]
[BlackElo "2488"]
[TimeControl "180+1"]
[EndTime "9:02:30 PDT"]
[Termination "DvaHrasta won by resignation"]

1. d4 Nf6 2. Nc3 d5 3. Bf4 e6 4. Nb5 Bd6 5. Nxd6+ cxd6 6. Nf3 O-O 7. e3 Qb6 8. Rb1 Re8 9. c3 Ne4 10. Be2 Nc6 11. O-O e5 12. Bg3 Nxg3 13. hxg3 Bf5 14. Bd3 Bxd3 15. Qxd3 e4 16. Qe2 exf3 17. Qxf3 Re4 18.
Qf5 Ne7 19. Qd7 Qc6 20. Qh3 f5 21. Rbe1 Rf8 22. f3 Re6 23. Re2 Qc4 24. Rfe1 Qxa2 25.
e4 Qc4 0-1

[Event "Early-Titled-Tuesday-Blitz-September-12-2023"]
[Site "Chess.com"]
[Date "2023.09.12"]
[Round "6"]
[White "Oleksandr_Bortnyk"]
[Black "wqws"]
[Result "1-0"]
[WhiteElo "3009"]
[BlackElo "2687"]
[TimeControl "180+1"]
[EndTime "9:02:36 PDT"]
[Termination "Oleksandr_Bortnyk won by resignation"]

1. e4 c5 2. c3 Nf6 3. e5 Nd5 4. d4 cxd4 5. Nf3 Nc6 6. cxd4 d6 7. Bc4 Nb6 8. Bb5 d5 9. O-O e6 10. Nc3 Bd7 11. a3 Be7 12. Bd3 O-O 13. h4 f5 14. g3 Be8 15. Be2 Bh5 16. Kg2 Rc8 17. Ng5 Bxe2 18. Nxe2 Qd7 19. Nf4 Bxg5 20. hxg5 g6 21. Rh1 Rf7 22. b3 Re8 23. Be3 Qd8 24.
Rh6 Qxg5 25. Nxe6 Qg4 26. f3 1-0

[Event "Early-Titled-Tuesday-Blitz-September-12-2023"]
[Site "Chess.com"]
[Date "2023.09.12"]
[Round "6"]
[White "maracayo"]
[Black "HansOnTwitch"]
[Result "0-1"]
[WhiteElo "2456"]
[BlackElo "3039"]
[TimeControl "180+1"]
[EndTime "9:02:39 PDT"]
[Termination "HansOnTwitch won by resignation"]

1. e4 c5 2. Nf3 Nc6 3. Bb5 g6 4. Bxc6 bxc6 5. O-O Bg7 6. d3 d6 7. e5 dxe5 8. Re1 f6 9. Be3 c4 10. d4 e4 11. Nfd2 f5 12. Nxc4 Nf6 13. Nc3 Ng4 14.
d5 Bxc3 15. bxc3 Qxd5 16. Qxd5 cxd5 17. h3 Nxe3 18. Nxe3 e6 19. Red1 Ba6 20. Rab1 Ke7 21. Rb4 Rhc8 22. Ra4 Rc6 23. c4 Bxc4 24. Nxc4 Rxc4 25.
Rxc4 dxc4 26. Rb1 Rd8 27. Rb4 Rd1+ 28. Kh2 Rd2 29. Rxc4 Rxf2 30. Kg3 e3 0-1

[Event "Early-Titled-Tuesday-Blitz-September-12-2023"]
[Site "Chess.com"]
[Date "2023.09.12"]
[Round "6"]
[White "F-Ghaith2021"]
[Black "DrDreBeats"]
[Result "0-1"]
[WhiteElo "2290"]
[BlackElo "2532"]
[TimeControl "180+1"]
[EndTime "9:02:39 PDT"]
[Termination "DrDreBeats won by resignation"]

1. e4 d5 2. exd5 Qxd5 3. Nc3 Qa5 4. d4 Nf6 5. Bc4 Bg4 6. Qd3 Nc6 7. Bd2 Nb4 8. Qg3 Nxc2+ 9. Kf1 Nxa1 10. h3 Bf5 11.
Nf3 e6 12. Nb5 Bb4 13. Nxc7+ Ke7 14. Bxb4+ Qxb4 15. Ne5 Rac8 16. Na6 bxa6 0-1

[Event "Early-Titled-Tuesday-Blitz-September-12-2023"]
[Site "Chess.com"]
[Date "2023.09.12"]
[Round "6"]
[White "APOKALIPSA13"]
[Black "esrosenberg"]
[Result "1-0"]
[WhiteElo "2265"]
[BlackElo "2351"]
[TimeControl "180+1"]
[EndTime "9:03:02 PDT"]
[Termination "APOKALIPSA13 won by resignation"]

1. e4 g6 2. h4 h5 3. d4 Bg7 4.
e5 d6 5. f4 dxe5 6. fxe5 c5 7.
c3 Nc6 8. Nf3 Bg4 9. Bb5 Nh6 10.
d5 a6 11. Ba4 b5 12. dxc6 bxa4 13. Qxa4 O-O 14. Bf4 Bxf3 15. gxf3 Qd3 16. Nd2 Rab8 17. O-O-O Rb5 18. Qxa6 Rfb8 19. c7 1-0

[Event "Early-Titled-Tuesday-Blitz-September-12-2023"]
[Site "Chess.com"]
[Date "2023.09.12"]
[Round "6"]
[White "giomar27"]
[Black "Massakru"]
[Result "0-1"]
[WhiteElo "2266"]
[BlackElo "2397"]
[TimeControl "180+1"]
[EndTime "9:03:08 PDT"]
[Termination "Massakru won by resignation"]

1. d4 Nf6 2. Nc3 d5 3. Bf4 a6 4. e3 b5 5. h4 b4 6. Nb1 e6 7. Bd3 Nbd7 8. Nf3 c5 9. c3 c4 10. Bc2 Qb6 11. Nbd2 bxc3 12. bxc3 Qb2 13. O-O Qxc3 14.
Ba4 Qa5 15. Ne5 Bd6 16. Nxd7 Bxd7 17. Bxd7+ Kxd7 18. Bxd6 Kxd6 19. Nf3 Nd7 20. Re1 f5 21.
Ng5 Ke7 22. Qh5 Raf8 23. f3 Nf6 0-1

[Event "Early-Titled-Tuesday-Blitz-September-12-2023"]
[Site "Chess.com"]
[Date "2023.09.12"]
[Round "6"]
[White "Dacean99"]
[Black "KVAIDAN"]
[Result "1-0"]
[WhiteElo "2521"]
[BlackElo "2288"]
[TimeControl "180+1"]
[EndTime "9:03:09 PDT"]
[Termination "Dacean99 won by resignation"]

1. d4 e6 2. Nf3 f5 3. c4 Nf6 4. Nc3 d6 5. h3 Be7 6. Bf4 O-O 7. e3 Ne4 8. Bd3 Nxc3 9. bxc3 b6 10.
O-O Qe8 11. Bh2 Bb7 12. Qe2 Bf6 13. e4 e5 14. dxe5 dxe5 15. exf5 Nd7 16. Rfe1 Nc5 17. Bxe5 Bxf3 18. Qxf3 Bxe5 19. Qd5+ Qf7 20. Rxe5 Rad8 21. Qxf7+ Rxf7 22. Bf1 Rfd7 23. Rae1 Rd2 24. R5e2 Na4 25. Rxd2 Rxd2 26. Re7 Nxc3 27. Rxc7 Rxa2 28. g4 a5 29. c5 bxc5 30. Bc4+ Kf8 31. Bxa2 1-0

[Event "Early-Titled-Tuesday-Blitz-September-12-2023"]
[Site "Chess.com"]
[Date "2023.09.12"]
[Round "6"]
[White "Evgeny81"]
[Black "Djager97"]
[Result "1-0"]
[WhiteElo "2748"]
[BlackElo "2546"]
[TimeControl "180+1"]
[EndTime "9:03:15 PDT"]
[Termination "Evgeny81 won by resignation"]

1. e4 e5 2. Nf3 Nc6 3. Bb5 a6 4.
Ba4 Nf6 5. O-O b5 6. Bb3 Bc5 7. d3 d6 8. Be3 Bxe3 9. fxe3 Na5 10. Qe1 Nxb3 11. axb3 Be6 12. Nc3 c6 13. Ne2 O-O 14.
Ng3 d5 15. Nxe5 dxe4 16. d4 c5 17. Rd1 Qc7 18. Rxf6 gxf6 19. Nh5 Kh8 20. Qh4 1-0

[Event "Early-Titled-Tuesday-Blitz-September-12-2023"]
[Site "Chess.com"]
[Date "2023.09.12"]
[Round "6"]
[White "DeArron_Fox"]
[Black "ferrufino64"]
[Result "1-0"]
[WhiteElo "2500"]
[BlackElo "2276"]
[TimeControl "180+1"]
[EndTime "9:03:15 PDT"]
[Termination "DeArron_Fox won by resignation"]

1. d4 d5 2. c4 e6 3. Nc3 Nf6 4. cxd5 exd5 5. Bg5 c6 6. e3 Nbd7 7. Bd3 Be7 8. Qc2 O-O 9. Nf3 Re8 10. O-O Ne4 11.
Bxe4 dxe4 12. Nxe4 Nf8 13. Bf4 Bf5 14. Nf6+ Bxf6 15.
Qxf5 Qe7 16. a3 Rad8 17. Rac1 g6 18. Qc2 h5 19. h3 Ne6 20. Bh2 g5 21. Qf5 Rd5 22. Be5 Ng7 23. Qxf6 Rxe5 24. dxe5 Qxf6 25. exf6 Ne6 26. Rcd1 1-0

[Event "Early-Titled-Tuesday-Blitz-September-12-2023"]
[Site "Chess.com"]
[Date "2023.09.12"]
[Round "6"]
[White "ozates"]
[Black "Kirill_Klukin"]
[Result "0-1"]
[WhiteElo "2553"]
[BlackElo "2757"]
[TimeControl "180+1"]
[EndTime "9:03:17 PDT"]
[Termination "Kirill_Klukin won by resignation"]

1. e4 c5 2. Nf3 g6 3. d4 cxd4 4. Qxd4 Nf6 5. Nc3 Nc6 6. Qa4 d6 7. e5 dxe5 8. Nxe5 Bd7 9. Nxd7 Nxd7 10. Be3 Bg7 11. Bb5 O-O 12. Rd1 Qc8 13. O-O Nb6 14. Qh4 Ne5 15. Bxb6 axb6 16. Nd5 Qxc2 17. Nxe7+ Kh8 18.
a4 Qxb2 19. Rfe1 Nc6 20. Nxc6 bxc6 21. Bxc6 Rac8 22. Qe4 Bf6 23. h3 Rcd8 24. Bb5 Kg7 25. Rd4 Qxd4 0-1